 Dungeon Crawl Stone Soup version 0.31-a0-968-g24f9ace8b5 (webtiles) character file.

Game seed: 17138977756999959060

42605 LeprechaunX the Mimic (level 14, 0/91 HPs)
             Began as an Octopode Shapeshifter on Oct 27, 2023.
             Was a High Priest of Hepliaklqana.
             Hit by a javelin thrown by a minotaur (22 damage)
             ... in a Gauntlet.
             The game lasted 00:35:10 (14291 turns).

LeprechaunX the Mimic (Octopode Shapeshifter)      Turns: 14291, Time: 00:35:11

Health: 0/91       AC: 15    Str: 32    XL:     14   Next: 20%
Magic:  21/21      EV:  8    Int: 17    God:    Hepliaklqana [*****.]
Gold:   1893       SH:  0    Dex: 19    Spells: 13/13 levels left

rFire   + +          +
                       - Unarmed
rCold   x . .        (shield currently unavailable)
rNeg    . . .        (helmet currently unavailable)
rPois   +            p - amulet of regeneration
rElec   .            g - ring of see invisible
rCorr   .            w - ring of protection from fire
SInv    +            L - +4 ring of protection
Will    +....        i - +6 ring of strength
Stlth   ++           W - +6 ring of dexterity
HPRegen 1.15/turn    b - +6 ring of intelligence
MPRegen 0.17/turn    (no ring)
                     (no ring)

%: no teleportation
@: dragon-form, flying
A: dragon claw, dragon scales, breathe fire, flying, boosted hp, reduced
essence, almost no armour, amphibious, 8 rings, giant, (camouflage 1),
(gelatinous body 1), (nimble swimmer 1), (tentacles), passive freeze, strong 1,
[frail 2], [weak 2], [inability to read after injury 2]
a: Breathe Fire, Begin Untransformation, Renounce Religion, Recall Ancestor,
Ancestor Identity, Transference, Idealise


You were in a Gauntlet.
You worshipped Hepliaklqana.
Hepliaklqana was extremely pleased with you.
You were a fearsome dragon!
You visited 3 branches of the dungeon, and saw 17 of its levels.
You also visited: Bailey and Gauntlet.

You collected 1893 gold pieces.

Inventory:

Hand Weapons
 a - a +2 antimagic orcbow
 c - the +6 flail of the Beginning {elec, Fly Will++}
   (You found it on level 2 of the Dungeon)

   Will++:    It greatly increases your willpower.
   Fly:       It grants you flight.
Missiles
 d - 10 javelins
 U - 3 throwing nets
Armour
 N - the +0 hat "Pemaec" {Harm rC- Regen+}
   (You found it in a Gauntlet)

   rC-:       It makes you vulnerable to cold.
   Regen+:    It increases your rate of health regeneration.
   Harm:      It increases damage dealt and taken.
Jewellery
 b - a +6 ring of intelligence (on tentacle)
 g - a ring of see invisible (left foreclaw)
 i - a +6 ring of strength (on tentacle)
 p - an amulet of regeneration (around neck)
 w - a ring of protection from fire (right foreclaw)
 J - an amulet of guardian spirit
 L - a +4 ring of protection (on tentacle)
 W - a +6 ring of dexterity (on tentacle)
Talismans
 s - a beast talisman
 Q - a maw talisman
 Y - a dragon-blood talisman (active)
Wands
 q - a wand of iceblast (22)
 v - a wand of flame (26)
 A - a wand of paralysis (19)
 G - a wand of polymorph (14)
 K - a wand of mindburst (19)
Scrolls
 e - 4 scrolls of vulnerability
 h - 5 scrolls of amnesia
 j - 3 scrolls of noise
 k - a scroll of brand weapon {unknown}
 l - 4 scrolls of fog
 m - 6 scrolls of teleportation
 n - a scroll of immolation {unknown}
 t - 2 scrolls of revelation
 y - a scroll of torment {unknown}
 C - 3 scrolls of enchant weapon {unknown}
 D - 3 scrolls of blinking {unknown}
 H - 4 scrolls of poison
 T - a scroll of enchant armour {unknown}
Potions
 f - 4 potions of lignification
 o - 2 potions of enlightenment
 r - 6 potions of heal wounds
 u - 2 potions of degeneration {unknown}
 x - 6 potions of mutation
 z - 6 potions of curing
 B - 3 potions of berserk rage
 E - 2 potions of attraction {unknown}
 F - 2 potions of magic {unknown}
 M - 3 potions of invisibility {unknown}
 P - a potion of haste {unknown}
 S - a potion of might {unknown}
 V - 3 potions of resistance {unknown}
Miscellaneous
 I - a phantom mirror (quivered)
 O - a lightning rod (4/4)
 X - a phial of floods


   Skills:
 + Level 11.3 Fighting
 - Level 2.0 Dodging
 - Level 6.0 Unarmed Combat
 + Level 10.4 Invocations
 + Level 11.5 Evocations
 * Level 14.7 Shapeshifting


You had 13 spell levels left.
You didn't know any spells.
Your spell library contained the following spells:

 Spells                   Type           Power      Damage    Failure   Level
 Apportation              Tloc           0%         N/A       24%         1
 Freeze                   Ice            0%         1d3       24%         1
 Magic Dart               Conj           0%         1d3       24%         1
 Necrotise                Necr           0%         1d4       24%         1
 Summon Small Mammal      Summ           0%         N/A       24%         1
 Call Imp                 Summ           0%         N/A       34%         2
 Jinxbite                 Hex            0%         N/A       34%         2
 Lesser Beckoning         Tloc           0%         N/A       34%         2
 Searing Ray              Conj           0%         2d4       34%         2
 Frozen Ramparts          Ice            0%         1d1       56%         3
 Gell's Gravitas          Tloc           0%         N/A       56%         3
 Hailstorm                Conj/Ice       0%         3d3       56%         3
 Mephitic Cloud           Conj/Pois/Air  0%         N/A       56%         3
 Teleport Other           Tloc           0%         N/A       56%         3
 Vampiric Draining        Necr           0%         2d6       56%         3
 Fulminant Prism          Conj/Hex       0%         3d5       93%         4
 Agony                    Necr           0%         N/A       100%        5
 Alistair's Intoxication  Tmut/Pois      0%         N/A       100%        5
 Conjure Ball Lightning   Conj/Air       0%         3x3d6     100%        6
 Shatter                  Erth           0%         3d5*      100%        9


Dungeon Overview and Level Annotations

Branches:
Dungeon (11/15)            Temple (1/1) D:4            Lair (5/5) D:10
 Shoals (0/4) Lair:2        Snake (0/4) Lair:3        Slime (0/5) Lair:4
    Orc (0/2) D:10         Bailey (visited)         Gauntlet (1/1)

Altars:
Ashenzari
Cheibriados
Dithmenos
Elyvilon
Fedhas
Gozag
Hepliaklqana
Kikubaaqudgha
Makhleb
Nemelex Xobeh
Okawaru
Qazlal
Ru
Sif Muna
Trog
Uskayaw
Vehumet
Wu Jian
Xom
Yredelemnul
Zin
The Shining One
Jiyva

Shops:
D:5 (

Annotations:
D:6 1 runed translucent door, Crazy Yiuf
D:11 Snorg Gauntlet 1 runed translucent door, 4 transporters


Innate Abilities, Weirdness & Mutations

You are a fearsome dragon!
You have a powerful clawing attack.
Your giant scaled body is strong and resilient, but less evasive.
You can breathe fire.
You are flying.
Your maximum health is greatly increased.
Your armour is entirely melded.
You are incapable of wielding weapons or throwing items.
Your life essence is reduced to manifest your ancestor. (-10% HP)
You cannot wear most types of armour.
You are amphibious.
You can wear up to eight rings at the same time.
((Your skin changes colour to match your surroundings (Stealth+).))
((Your rubbery body absorbs attacks. (AC +1, EV +1)))
((You are camouflaged when in or above water. (Stealth+)))
((You have tentacles for arms and can constrict up to eight enemies at once.))
A frigid envelope surrounds you and freezes all who hurt you.
Your muscles are strong. (Str +4, Int/Dex -1)
[You are very frail. (-20% HP)]
[You are very weak. (Str -4)]
[You sometimes lose the ability to read scrolls when taking damage.]


Message History

x - 6 potions of mutation (gained 1)
You swap places.
You see here the +0 hat "Pemaec" {Harm rC- Regen+}.
N - the +0 hat "Pemaec" {Harm rC- Regen+}
There is a transporter here.
Okay, then.
Press: ? - help, v - describe, . - travel A net trap.
Unknown command.
Okay, then.
Unknown command.
You enter the transporter and appear at another place.
You start waiting.
A minotaur comes into view.
It is wielding the +10 morningstar of Past Mistakes {elec, +Blink Str+4 Int+3 Dex+5}.
You swap places.
You start waiting.
Done waiting.
You swap places.
You swap places.
The minotaur throws a javelin.
The javelin pierces through you!!
The javelin pierces through Dejan!!
The minotaur hits you with the +10 morningstar of Past Mistakes {elec, +Blink Str+4 Int+3 Dex+5}!!
The minotaur gores you but does no damage.
The minotaur is very cold.
The minotaur is lightly wounded.
You completely miss the minotaur.
The minotaur furiously retaliates!
The minotaur headbutts you.
You bite the minotaur.
The minotaur is lightly wounded.
The minotaur hits you with the +10 morningstar of Past Mistakes {elec, +Blink Str+4 Int+3 Dex+5}.
You are electrocuted!
* * * LOW HITPOINT WARNING * * *
The minotaur gores you but does no damage.
You swap places.
Dejan hits the minotaur with a +0 quarterstaff!
The minotaur throws a javelin.
The javelin pierces through Dejan!
The javelin barely misses you.
Unknown command.
Dejan hits the minotaur with a +0 quarterstaff.
The minotaur throws a javelin.
The javelin barely misses Dejan.
The javelin pierces through you!!
You die...

.................................
≈≈≈#...8⌠8..8∩8..8⌠8...#≈≈≈#≈≈≈#≈
#≈###.................###≈###≈###
### ################### ### ### #
##≈...............≈##
#≈≈..8©8©8©8©8©8..≈≈#
##≈...............≈##
###.##.##.##.##.###
#.##.##.##D##.## .......HR......#
#.##.##.##.##.### # #. #.##.##.#
.. ......... .# .#'###.##. #. #.#
.# .# # . # #.


You could see the friendly Dejan the battlemage and a minotaur (ally target).

Vanquished Creatures
  An entropy weaver (Gauntlet)
  3 hydras
  A boulder beetle (D:8)
  2 fire crabs (Gauntlet)
  A wretched star (Gauntlet)
  A skyshark (Lair:3)
  Pikel (D:7)
  An orc sorcerer (Bailey)
  5 elephants
  2 black mambas
  Jeremiah (D:7)
  A kobold demonologist (Bailey)
  3 cane toads
  7 komodo dragons
  An unseen horror zombie (D:9)
  A troll (D:6)
  A queen bee (shapeshifter) (D:8)
  A hornet (Gauntlet)
  A polar bear (Lair:1)
  14 blink frogs
  A jumping spider (Gauntlet)
  3 dream sheep (Lair:3)
  A slime creature (D:8)
  A shadow (D:9)
  Eustachio (D:5)
  20 yaks
  Grum (Lair:1)
  9 fire bats (Gauntlet)
  2 wyverns
  A neqoxec (Gauntlet)
  3 steam dragons
  A vampire mosquito (D:10)
  A redback (Gauntlet)
  2 hell hounds (Gauntlet)
  5 water moccasins
  An acid dragon (D:10)
  5 sky beasts
  4 ice beasts
  A black bear (Lair:3)
  7 orc warriors
  8 ogres
  8 centaurs
  5 wolves
  4 lemures (D:7)
  4 phantoms
  2 kobold brigands (D:9)
  A necrophage (D:9)
  10 bullfrogs
  5 scorpions
  3 wights
  11 killer bees
  4 howler monkeys
  2 electric eels
  5 centaur zombies (D:9)
  3 hounds (D:6)
  A human zombie (D:9)
  10 jellies (Lair:4)
  8 orc priests
  3 iguanas (D:6)
  A gnoll bouda (D:8)
  5 orc wizards
  A sleepcap (D:4)
  A mummy (D:9)
  A howler monkey zombie (D:9)
  8 gnolls
  7 adders
  2 shadow imps
  A white imp (D:6)
  An ufetubus (D:6)
  A worm (D:2)
  A dart slug (D:3)
  28 orcs
  4 ball pythons
  8 endoplasms
  4 giant cockroaches
  5 goblins
  9 hobgoblins
  8 quokkas
  5 bats
  A frilled lizard (D:1)
  12 kobolds
  3 rats
333 creatures vanquished.

Vanquished Creatures (collateral kills)
  The ghost of jasper the Dealer of Despair, a journeyman DEEE of Kikubaaqudgha (Lair:2)
  A hydra (Lair:5)
  Harold (D:11)
  A skyshark (Lair:5)
  A fire crab (Lair:4)
  Lodul (D:11)
  An orc knight (Bailey)
  4 elephants
  A black mamba (Lair:2)
  A cane toad (Lair:2)
  A rime drake (Lair:3)
  A komodo dragon (Lair:3)
  A polar bear (Lair:2)
  8 blink frogs
  A dream sheep (Lair:3)
  A vampire (D:10)
  A wraith (D:11)
  18 yaks
  A vampire mosquito (D:10)
  An acid dragon (D:10)
  4 water moccasins
  5 orc warriors
  2 ogres (D:11)
  2 centaurs
  A wolf (Lair:2)
  3 bullfrogs
  A wight (D:7)
  A killer bee (D:8)
  3 howler monkeys
  An electric eel (Bailey)
  4 jellies
  A gnoll bouda (D:9)
  4 orc wizards
  A howler monkey zombie (D:9)
  3 gnolls
  6 orcs
  An endoplasm (Lair:4)
  2 goblins (Bailey)
  2 hobgoblins (Bailey)
  A kobold (D:9)
95 creatures vanquished.

Vanquished Creatures (others)
  5 battlemagi
  4 ancestors
9 creatures vanquished.

Grand Total: 437 creatures vanquished

Notes
Turn   | Place    | Note
-------+----------+-------------------------------------------
     0 | D:1      | LeprechaunX the Octopode Shapeshifter began the quest for
                  | the Orb.
     0 | D:1      | Reached XP level 1. HP: 13/13 MP: 1/1
    81 | D:1      | Reached XP level 2. HP: 16/18 MP: 2/2
   520 | D:2      | Found a hide-covered altar of Uskayaw.
   613 | D:2      | Reached XP level 3. HP: 11/23 MP: 3/3
   938 | D:2      | Identified the +6 flail of the Beginning {elec, Fly Will++}
  1061 | D:3      | Found a burning altar of Makhleb.
  1099 | D:3      | Found an ornate altar of the Wu Jian Council.
  1159 | D:3      | Reached XP level 4. HP: 27/29 MP: 4/4
  1835 | D:4      | Reached skill level 4 in Shapeshifting
  1964 | D:4      | Noticed a phantom
  1970 | D:4      | Killed a phantom
  1971 | D:4      | Reached XP level 5. HP: 35/35 MP: 5/5
  2023 | D:4      | Noticed a sky beast
  2031 | D:4      | Killed a sky beast
  2032 | D:4      | Reached XP level 6. HP: 20/42 MP: 6/6
  2123 | D:4      | Reached skill level 5 in Shapeshifting
  2311 | D:4      | Found a staircase to the Ecumenical Temple.
  2319 | Temple   | Entered the Ecumenical Temple
  2333 | Temple   | Became a worshipper of Ru the Awakened
  2454 | D:4      | Found a sparkling altar of Nemelex Xobeh.
  2505 | D:5      | Entered Level 5 of the Dungeon
  2505 | D:5      | Noticed Eustachio
  2505 | D:5      | Found a stormy altar of Qazlal.
  2515 | D:5      | Killed Eustachio
  2534 | D:5      | Found a blossoming altar of Fedhas.
  2566 | D:5      | Reached XP level 7. HP: 41/46 MP: 7/7
  2659 | D:5      | Found a snail-covered altar of Cheibriados.
  2706 | D:5      | Reached skill level 1 in Evocations
  2711 | D:5      | Reached skill level 6 in Shapeshifting
  2716 | D:5      | Reached skill level 5 in Unarmed Combat
  2857 | D:5      | Found a radiant altar of Vehumet.
  2857 | D:5      | Found a hazy altar of Hepliaklqana.
  2861 | D:5      | Fell from the grace of Ru
  2861 | D:5      | Became a worshipper of Hepliaklqana the Forgotten
  2986 | D:5      | Found Odosonang's Weapon Shop.
  3266 | D:6      | Reached XP level 8. HP: 40/54 MP: 8/8
  3385 | D:6      | Found a shimmering altar of Xom.
  3386 | D:6      | Found a shimmering altar of Xom.
  3387 | D:6      | Found a shimmering altar of Xom.
  3387 | D:6      | Found a shimmering altar of Xom.
  3541 | D:6      | Found a runed translucent door.
  3542 | D:6      | Noticed Crazy Yiuf
  3770 | D:6      | Reached skill level 7 in Shapeshifting
  3802 | D:6      | Noticed a troll
  3819 | D:6      | Killed a troll
  3820 | D:6      | Reached skill level 5 in Fighting
  3820 | D:6      | Reached XP level 9. HP: 18/61 MP: 9/9
  4150 | D:6      | Reached skill level 8 in Shapeshifting
  4530 | D:7      | Reached skill level 1 in Invocations
  4530 | D:7      | Reached skill level 5 in Evocations
  4604 | D:7      | Found a shadowy altar of Dithmenos.
  4636 | D:7      | Noticed Jeremiah
  4819 | D:7      | Reached * piety under Hepliaklqana
  4986 | D:7      | Killed Jeremiah
  4987 | D:7      | Reached skill level 9 in Shapeshifting
  4987 | D:7      | Reached XP level 10. HP: 20/62 MP: 10/12
  5098 | D:7      | Noticed Pikel
  5104 | D:7      | Killed Pikel
  5227 | D:7      | Found an opulent altar of Gozag.
  5451 | D:8      | Found a flagged portal.
  5464 | Bailey   | Entered a bailey
  5521 | Bailey   | Noticed an orc knight
  5816 | Bailey   | Identified the +7 falchion of the Mind {heavy, Dex+2}
  5832 | Bailey   | Noticed a kobold demonologist
  5852 | Bailey   | Killed a kobold demonologist
  5865 | Bailey   | Noticed an orc sorcerer
  5874 | Bailey   | Killed an orc knight
  5875 | Bailey   | Reached skill level 10 in Shapeshifting
  5878 | Bailey   | Found an iron altar of Okawaru.
  6055 | Bailey   | Killed an orc sorcerer
  6211 | D:7      | Gained mutation: Your spells are a little easier to cast,
                  | but a little less powerful. [potion of mutation]
  6211 | D:7      | Lost mutation: Your spells are a little easier to cast, but
                  | a little less powerful. [potion of mutation]
  6211 | D:7      | Gained mutation: Your muscles are strong. (Str +4, Int/Dex
                  | -1) [potion of mutation]
  6211 | D:7      | Gained mutation: A frigid envelope surrounds you and
                  | freezes all who hurt you. [potion of mutation]
  6320 | D:8      | Reached skill level 5 in Invocations
  6382 | D:8      | Reached XP level 11. HP: 60/67 MP: 5/14
  6867 | D:8      | Noticed a boulder beetle
  6867 | D:8      | Noticed an entropy weaver
  6892 | D:8      | an entropy weaver changed into a queen bee
  6958 | D:8      | Killed a boulder beetle
  7068 | D:8      | Identified the +7 sling "Ybbadgh" {drain, Fragile Fly rPois
                  | Int+3}
  7447 | D:9      | Found a white marble altar of Elyvilon.
  7451 | D:9      | Reached ** piety under Hepliaklqana
  7456 | D:9      | Remembered your ancestor Dejan as a battlemage
  7606 | D:9      | Reached skill level 11 in Shapeshifting
  7684 | D:9      | Found a basalt altar of Yredelemnul.
  8307 | D:10     | Entered Level 10 of the Dungeon
  8682 | D:10     | Found a staircase to the Orcish Mines.
  8749 | D:10     | Reached *** piety under Hepliaklqana
  8818 | D:10     | Found a staircase to the Lair.
  9205 | D:11     | Noticed Lodul
  9211 | D:11     | Reached XP level 12. HP: 46/75 MP: 17/17
  9220 | D:11     | Killed Lodul
  9271 | D:11     | Noticed Harold
  9277 | D:11     | Killed Harold
  9278 | D:11     | Reached skill level 12 in Shapeshifting
  9456 | D:11     | Noticed Snorg
  9457 | D:11     | Noticed a two-headed ogre
  9569 | Lair:1   | Identified the "Qoxziocsetz"
  9569 | Lair:1   | Entered Level 1 of the Lair of Beasts
  9792 | Lair:1   | Noticed Grum
  9803 | Lair:1   | Killed Grum
 10249 | Lair:1   | Reached **** piety under Hepliaklqana
 10762 | Lair:2   | Acquired 603 gold pieces
 11091 | Lair:2   | Found a staircase to the Shoals.
 11229 | Lair:2   | Noticed a four-headed hydra
 11234 | Lair:2   | Killed a four-headed hydra
 11319 | Lair:2   | Found a large runed translucent door.
 11319 | Lair:2   | Found a large runed translucent door.
 11320 | Lair:2   | Noticed jasper's ghost (journeyman DEEE)
 11370 | Lair:2   | Reached skill level 13 in Shapeshifting
 11591 | Lair:2   | Killed jasper's ghost
 11592 | Lair:2   | Reached skill level 10 in Fighting
 11592 | Lair:2   | Reached skill level 10 in Evocations
 11592 | Lair:2   | Reached XP level 13. HP: 63/82 MP: 6/19
 11703 | Lair:3   | Reached ***** piety under Hepliaklqana
 12021 | Lair:3   | Found a staircase to the Snake Pit.
 12763 | Lair:4   | Found a staircase to the Slime Pits.
 12764 | Lair:4   | Found a viscous altar of Jiyva.
 13210 | Lair:4   | Reached skill level 14 in Shapeshifting
 13474 | Lair:5   | Entered Level 5 of the Lair of Beasts
 13579 | Lair:5   | Found a gate leading to a gauntlet.
 13593 | Lair:5   | Reached skill level 10 in Invocations
 13603 | Lair:5   | Reached XP level 14. HP: 90/90 MP: 21/21
 13613 | Gauntlet | Entered a Gauntlet
 13613 | Gauntlet | Found a runed translucent door.
 13613 | Gauntlet | Found a transporter.
 13628 | Gauntlet | Found a runed translucent door.
 13630 | Gauntlet | Found a transporter.
 13634 | Gauntlet | Found a transporter.
 13643 | Gauntlet | Found a transporter.
 13647 | Gauntlet | Found a transporter.
 13655 | Gauntlet | Found a transporter.
 13659 | Gauntlet | Found a transporter.
 13663 | Gauntlet | Found a runed translucent door.
 13664 | Gauntlet | Found a runed translucent door.
 13667 | Gauntlet | Found a transporter.
 13671 | Gauntlet | Found a transporter.
 13679 | Gauntlet | Found a transporter.
 13710 | Gauntlet | Found a transporter.
 13722 | Gauntlet | Found a transporter.
 13735 | Gauntlet | Found a transporter.
 13748 | Gauntlet | Found a transporter.
 14149 | Gauntlet | Identified the +0 hat "Pemaec" {Harm rC- Regen+}
 14161 | Gauntlet | Identified the +10 morningstar of Past Mistakes {elec,
                  | +Blink Str+4 Int+3 Dex+5}
 14291 | Gauntlet | Hit by a javelin thrown by a minotaur

Illustrated notes

Levels and vault maps discovered:
D:1:      eino_arrival_tree_alley, layout_rooms
D:2:      layout_basic, basic_altar
D:3:      layout_basic, nicolae_wu_jian_immortal_techniques,
          lightli_temple_of_fire, minmay_puff
D:4:      layout_loops_ring, nemelex_spade_bored_becter,
          minmay_temple_entry_hall
D:5:      layout_loops_cross, grunt_temple_overflow_forces_of_nature,
          cheibriados_altar_1, gammafunk_temple_overflow_wave, serial_shops,
          nicolae_shop_temple_entry_statues_fountains, st_stairs_8,
          uniq_eustachio
D:6:      kennysheep_windowed_halls, layout_basic, xom_redecorated,
          palyth_stone_intersect, uniq_crazy_yiuf_cottage
D:7:      layout_loops_ring, nicolae_gozag_cash_rules_everything_around_me,
          mainiacjoe_overflow_catwalk, uniq_pikel, uniq_jeremiah
D:8:      nzn_winding_woodlands_three_and_one
          [nzn_winding_woodlands_5x15_concentric,
          nzn_winding_woodlands_5x15_river_crossing,
          nzn_winding_woodlands_5x15_jagged,
          nzn_winding_woodlands_center_triple_pond], layout_basic,
          enter_bailey_2
D:9:      layout_basic, lemuel_mausoleum_altar_yredelemnul,
          nicolae_elyvilon_peaceful_grove
D:10:     layout_gridville, lair_entry_dummy, orc_0_dummy, serial_bayou_crossing
D:11:     layout_loops_ring, uniq_snorg, uniq_lodul, uniq_harold
Temple:   chequers_temple_sunken
Lair:1:   layout_cave_pods, uniq_grum
Lair:2:   layout_long_grid, minmay_shoals_entry_centaurs,
          ebering_ghost_disaster_area
Lair:3:   layout_loops_ring, dummy_snake_entry, beast_lair_carwin_2
Lair:4:   layout_long_grid, minmay_slime_entry_jelly_boxes,
          infiniplex_staircase_pool_2
Lair:5:   cheibrodos_lair_end_hotspot, layout_long_grid, gauntlet_entry_generic,
          chequers_serial_rivers_micro_e, serial_bayou_shore_a
Gauntlet: gammafunk_gauntlet_77_escape_option [minmay_gauntlet_arena_77_cramped,
          minmay_gauntlet_arena_77_two_lines, minmay_gauntlet_arena_77_mirror,
          minmay_gauntlet_arena_77_shame_cube,
          minmay_gauntlet_arena_77_hold_the_fort, gauntlet_exit_green]

Skill      XL: |  1  2  3  4  5  6  7  8  9 10 11 12 13 |
---------------+----------------------------------------+-----
Fighting       | 2 3 4 5 6 7 8 10 11 | 11.3
Shapeshifting  | 4 5 6 7 9 10 11 13 14 | 14.7
Unarmed Combat | 4 5 6 |  6.0
Evocations     | 2 3 5 7 8 10 11 | 11.5
Invocations    | 2 5 6 8 10 | 10.4
Dodging        | |  2.0

Action                     |  1- 3 |  4- 6 |  7- 9 | 10-12 | 13-15 || total
---------------------------+-------+-------+-------+-------+-------++-------
  Melee: Unarmed           |    42 |       |       |   272 |   162 ||   476
         Tentacles         |     9 |     6 |    27 |   104 |    31 ||   177
         Constrict         |     9 |     9 |    22 |    62 |    19 ||   121
         Flail             |     7 |    38 |   120 |    28 |       ||   193
         Punch             |       |       |     4 |    19 |     8 ||    31
         Maw               |       |       |       |   101 |    36 ||   137
         Tailslap          |       |       |       |       |    14 ||    14
         Bite              |       |       |       |       |     9 ||     9
   Fire: Orcbow            |       |       |       |   186 |       ||   186
  Throw: Javelin           |       |     4 |     3 |       |       ||     7
 Invoke: Recall Ancestor   |       |       |       |     1 |     1 ||     2
         Ancestor Life: Ba |       |       |       |     1 |       ||     1
Ability: Breathe Fire      |       |       |       |       |     1 ||     1
  Evoke: Wand              |       |       |     2 |     7 |       ||     9
         Phantom mirror    |       |       |       |     1 |       ||     1
    Use: Potion            |       |       |     1 |     3 |       ||     4
         Scroll            |       |       |       |    10 |     1 ||    11
   Stab: Sleeping          |     5 |     3 |     3 |     9 |     5 ||    25
         Distracted        |       |     1 |     1 |     6 |     2 ||    10
 Armour: Skin              |    16 |    21 |   115 |   273 |   154 ||   579
  Dodge: Dodged            |    20 |    20 |    73 |   177 |    65 ||   355
   Form: Maw               |       |       |       |     1 |       ||     1
         Dragon            |       |       |       |       |     1 ||     1

Table legend: (Time is in decaauts)
 A = Elapsed time spent in this place.
 B = Non-inter-level travel time spent in this place.
 C = Inter-level travel time spent in this place.
 D = Time resting spent in this place.
 E = Time spent auto-exploring this place.
 F = Levels seen in this place.
 G = Mean time per level.
                   A        B        C        D        E       F      G
               +--------+--------+--------+--------+--------+-----+--------+
         Total |  14403 |  13816 |    587 |    825 |   9604 |  19 |  758.1 |
       Dungeon |   8914 |   8479 |    435 |    427 |   6338 |  11 |  810.4 |
        Temple |     28 |      1 |     27 |      0 |      0 |   1 |   28.0 |
          Lair |   4022 |   3898 |    124 |    215 |   3019 |   5 |  804.4 |
        Bailey |    763 |    763 |      0 |     25 |    106 |   1 |  763.0 |
      Gauntlet |    674 |    674 |      0 |    158 |    141 |   1 |  674.0 |
               +--------+--------+--------+--------+--------+-----+--------+

Top non-repeatable levels by time:
     D:6: 1428 daAuts
     D:8: 1204 daAuts
  Lair:1: 1171 daAuts
  Lair:4: 952 daAuts
     D:7: 933 daAuts
  Lair:2: 922 daAuts
     D:9: 906 daAuts
  Lair:3: 840 daAuts
    D:10: 797 daAuts
  Bailey: 763 daAuts
     D:3: 751 daAuts
     D:4: 732 daAuts
     D:5: 698 daAuts
Gauntlet: 674 daAuts
     D:2: 544 daAuts
